Map: Ruins of Seras

Players

Verne

  • Race: Zerg Zerg
  • League: Gold

wabbajack - Winner!

  • Race: Zerg Zerg
  • League: Gold

VOD

Have the link to the VOD?

Description

Time

  • Played on: July 21, 2015, 8:14 p.m.
  • Length: 6:29
Show
View Real Time Build Order
Export as new Build Order

Verne Zerg 

Build Orders: Hatch First 

Get SALT Encoding   

  12  0:01  Drone  
  13  0:12  Overlord  
  13  0:19  Drone  
  14  0:32  Drone x2  
  17  0:35  Drone  
  17  0:39  Extractor  
  16  0:45  Drone  
  17  0:56  Drone  
  18  1:05  Hatchery  
  18  1:10  Drone  
  18  1:23  Spawning Pool  
  17  1:27  Drone  
  18  1:39  Drone  
  19  1:40  Overlord  
  19  2:10  Queen  
  19  2:11  Metabolic Boost  
  19  2:14  Baneling Nest, Zergling x6  
  23  2:19  Drone  
  24  2:28  Queen  
  26  2:31  Zergling x2  
  27  2:39  Drone x2  
  27  2:44  Drone  
  30  2:54  Queen  
  30  2:57  Overlord  
  32  2:58  Drone  
  32  3:02  Baneling x2  
  33  3:11  Zergling x6  
  36  3:19  Drone x2  
  38  3:24  Drone x3  
  38  3:25  Drone  
  42  3:35  Drone x2  
  42  3:39  Overlord  
  43  3:49  Overlord  
  43  4:01  Drone x3  
  43  4:02  Drone x5  
  51  4:04  Lair  
  51  4:07  Extractor  
  51  4:08  Drone  
  51  4:12  Overlord  
  51  4:24  Drone  
  51  4:25  Roach Warren, Drone, Extractor  
  51  4:26  Drone  
  51  4:27  Zergling x6  
  55  4:37  Drone x2  
  57  4:39  Drone  
  57  4:40  Drone x2  
  57  4:43  Extractor  
  59  4:52  Drone  
  60  5:19  Roach x3  
  66  5:29  Overlord x2  
  66  5:36  Spore Crawler  
  65  5:44  Overlord, Roach  
  65  5:45  Overlord  
  65  5:49  Roach x3  
  73  5:56  Roach x2  
Show
View Real Time Build Order
Export as new Build Order

wabbajack Zerg - Winner!

Build Orders: Hatch First 

Get SALT Encoding   

  12  0:01  Drone  
  13  0:13  Overlord  
  13  0:18  Drone  
  14  0:29  Drone, Extractor  
  14  0:32  Drone  
  16  0:36  Drone  
  16  0:41  Extractor  
  16  0:46  Drone  
  17  1:01  Drone  
  17  1:02  Hatchery  
  17  1:18  Spawning Pool  
  17  1:21  Drone  
  17  1:26  Drone  
  17  1:29  Drone  
  19  1:51  Drone  
  19  1:52  Overlord  
  20  2:01  Drone  
  21  2:10  Queen  
  21  2:11  Extractor  
  21  2:15  Queen  
  23  2:18  Drone x2  
  23  2:20  Metabolic Boost  
  27  2:23  Drone  
  28  2:37  Spine Crawler  
  28  2:43  Roach Warren  
  26  2:45  Drone x2  
  28  2:54  Drone x2  
  30  2:59  Zergling x2  
  30  3:01  Zergling x2  
  30  3:03  Overlord  
  32  3:06  Overlord  
  32  3:29  Overlord  
  32  3:31  Roach  
  32  3:32  Roach x3  
  32  3:33  Roach  
  32  3:34  Roach  
  44  3:48  Roach  
  44  3:49  Roach x4  
  44  3:52  Overlord  
  54  4:03  Roach x3  
  60  4:13  Roach x2  
  64  4:18  Overlord  
  64  4:19  Overlord  
  64  4:34  Spine Crawler  
  62  5:10  Lair  
  62  5:12  Zergling x12  
  62  5:13  Zergling x24  
  80  5:19  Overlord  
  80  5:21  Overlord  
  80  5:23  Drone  
  81  5:42  Drone x6  
  87  5:43  Drone x2  
  88  6:05  Zergling x12  
Tags
 
Add a new tag
Caveats
  • Supply blocks, unpowered buildings, or Contaminate may cause inaccurate times.
  • Supply counts are checked every 10 seconds.